 Dungeon Crawl Stone Soup version 0.19.1 (webtiles) character file.

71 zeroDi the Sneak (level 4, -1/23 HPs)
             Began as a Vine Stalker Assassin on Dec 12, 2016.
             Slain by an adder (2 damage)
             ... on level 4 of the Dungeon.
             The game lasted 00:05:59 (2449 turns).

zeroDi the Sneak (Vine Stalker Assassin)            Turns: 2449, Time: 00:06:00

Health: -1/23      AC:  3    Str: 14    XL:     4   Next: 24%
Magic:  0/5        EV: 12    Int: 11    God:
Gold:   190        SH:  0    Dex: 16    Spells: 0 memorised, 3 levels left

rFire  . . .     SeeInvis .     a - +3 dagger
rCold  . . .     Gourm    .     c - +0 robe
rNeg   . . .     Faith    .     (no shield)
rPois  .         Spirit   +     (no helmet)
rElec  .         Reflect  .     d - +0 cloak
rCorr  .         Harm     .     (no gloves)
MR     .....                    (no boots)
Stlth  +++.......               (no amulet)
                                (no ring)
                                (no ring)

@: no status effects
A: fangs 2, regeneration 1, magic shield, antimagic bite, no device heal 3, rot
immunity
a: no special abilities


You were on level 4 of the Dungeon.
You were near starving.

You visited 1 branch of the dungeon, and saw 4 of its levels.

You collected 190 gold pieces.


Innate Abilities, Weirdness & Mutations

You have extremely sharp teeth.
Your natural rate of healing is unusually fast.
When hurt, damage is shared between your health and your magic reserves.
Your bite disrupts and absorbs the magic of your enemies.
Potions and wands cannot restore your health.
You are immune to rotting.


   Skills:
 - Level 1.7 Fighting
 + Level 2.2 Short Blades
 - Level 1.7 Throwing
 + Level 1.6 Dodging
 * Level 6.2 Stealth


You had 3 spell levels left.
You didn't know any spells.

Inventory:

Hand Weapons
 a - a +3 dagger (weapon)
 b - a +0 blowgun
Missiles
 e - 47 poisoned needles
 f - 2 curare-tipped needles {=f}
 r - 2 javelins (quivered)
Armour
 c - a +0 robe (worn)
 d - a +0 cloak (worn)
Jewellery
 m - an uncursed amulet of harm
Scrolls
 l - a scroll of remove curse
 n - 2 scrolls of identify {@r1}
 p - a scroll of recharging
 q - a scroll of fog
 s - a scroll of enchant armour {unknown}
 t - a scroll of enchant weapon
 u - a scroll of teleportation {unknown}
Potions
 h - a potion of berserk rage {unknown}
 i - a potion of haste {unknown}
 k - 2 potions of lignification {unknown}
 o - 2 potions of curing {unknown}
 v - 3 potions of heal wounds {unknown}
 x - a potion of flight {unknown}
Comestibles
 g - 7 bread rations
 j - 2 meat rations
 w - 2 slices of pizza

Dungeon Overview and Level Annotations

Branches:
Dungeon (4/15)
 Temple: D:4-7

Altars:
Makhleb ### oo#

#o# ## #o# ##############
.#...#o####.##.........#
.......S@.......#######.#
..#...#.##.....## ##..
#####.###...## ##... ..#
##.## #.... #### #.#
##... #.# ##.. ###. ###
##+## ### #... ..#
##...## # #.#<###.#
##.....## ####


You could see an orc priest, an adder and 4 orcs.


Message History

The orc priest is lightly wounded.
The adder barely misses you. The orc priest closely misses you.
You hit the orc priest but do no damage.
Your bite misses the orc priest.
The orc priest is lightly wounded.
The adder barely misses you. The adder bites you.
* * * LOW HITPOINT WARNING * * *
The orc priest mumbles some strange prayers to Beogh against you.
Beogh smites you!
* * * LOW HITPOINT WARNING * * *
You hit the adder. Your bite misses the adder.
The adder is moderately wounded.
The adder bites you.
* * * LOW HITPOINT WARNING * * *
You closely miss the adder. Your bite misses the adder.
The adder is moderately wounded.
The orc priest hits you with a mace.
* * * LOW HITPOINT WARNING * * *
The adder bites you.
You die...

Action                   |  1- 3 |  4- 6 || total
-------------------------+-------+-------++-------
Melee: Dagger            |    81 |    22 ||   103
       Bite              |    21 |     7 ||    28
 Fire: Blowgun           |     7 |       ||     7
  Use: Scroll            |       |     7 ||     7
 Stab: Sleeping          |    11 |     1 ||    12
  Eat: Chunk             |     3 |       ||     3
Armor: Robe              |    12 |     3 ||    15
Dodge: Dodged            |    37 |    15 ||    52

Vault maps used:
D:1:      lightli_arrival_statuegarden, patterned_corridor
D:2:      makhleb_altar_promises_db, first_bread, minmay_misc_feat_four_crosses
D:3:      st_stairs_5
D:4:      tso_metal_star

Notes
Turn   | Place    | Note
-------+----------+-------------------------------------------
     0 | D:1      | zeroDi the Vine Stalker Assassin began the quest for the Orb.
     0 | D:1      | Reached XP level 1. HP: 11/11 MP: 2/2
    48 | D:1      | Reached skill level 5 in Stealth
   251 | D:1      | Reached skill level 1 in Dodging
   289 | D:1      | Reached XP level 2. HP: 14/15 MP: 3/3
   800 | D:2      | Found a burning altar of Makhleb.
   800 | D:2      | Noticed a balrug
   860 | D:2      | Reached XP level 3. HP: 18/18 MP: 4/4
   877 | D:2      | Reached skill level 2 in Short Blades
  1496 | D:3      | Reached skill level 6 in Stealth
  1791 | D:3      | Gained mutation: Your natural rate of healing is unusually fast. [Vine Stalker growth]
  1791 | D:3      | Reached XP level 4. HP: 19/23 MP: 3/5
  2449 | D:4      | HP: 1/23 [orc priest/mace (3)]
  2449 | D:4      | Slain by an adder

Vanquished Creatures
  2 adders
  An ooze (D:2)
  A leopard gecko (D:2)
  5 bats
  4 giant cockroaches
  4 goblins
  10 hobgoblins
  5 kobolds
  7 frilled lizards
  A jackal skeleton (D:3)
  7 rats
47 creatures vanquished.
